Map: Terrazas de Prion

Players

Xandros - Winner!

  • Race: Terran Terran

IA (Medio) 1

  • Race: Terran Terran

VOD

Have the link to the VOD?

Description

Time

  • Played on: Nov. 20, 2015, 3:39 p.m.
  • Length: 21:20
Show
View Real Time Build Order
Export as new Build Order

Xandros Terran - Winner!

Build Orders:  

Get SALT Encoding   

  12  0:07  SCV  
  13  0:19  SCV  
  14  0:22  Supply Depot  
  14  0:31  SCV  
  15  0:44  SCV  
  15  0:48  Barracks  
  16  0:56  SCV, Refinery  
  17  1:08  SCV  
  17  1:09  Supply Depot  
  18  1:20  SCV  
  19  1:32  SCV  
  20  1:47  Reaper  
  21  1:55  Refinery  
  21  2:01  Command Center  
  21  2:08  Orbital Command  
  21  2:19  Reaper  
  22  2:35  SCV  
  23  4:09  Factory  
  23  4:23  Bunker  
  23  4:26  Engineering Bay  
  23  4:28  SCV  
  24  4:40  SCV  
  25  4:53  SCV, Factory  
  25  4:56  SCV  
  25  4:58  Supply Depot  
  27  5:05  SCV  
  28  5:08  SCV  
  29  5:17  SCV  
  30  5:22  Armory  
  30  5:26  Factory Tech Lab  
  30  5:29  SCV  
  30  5:30  Marine  
  32  5:44  Sensor Tower  
  32  5:47  SCV  
  32  5:48  Marine  
  34  5:50  SCV  
  34  5:56  Cyclone  
  38  5:59  SCV  
  38  6:02  SCV, Factory Reactor  
  40  6:05  Marine  
  41  6:23  Marine  
  42  6:28  Cyclone  
  45  6:38  Hellion  
  45  6:39  Hellion  
  49  6:48  Mag-Field Accelerator  
  49  6:57  Terran Vehicle And Ship Armor Level 1  
  49  7:00  Cyclone  
  52  7:03  Refinery  
  52  7:08  Refinery  
  41  7:55  Bunker  
  41  7:58  Hellion x2  
  45  8:02  Cyclone  
  48  8:12  Armory  
  48  8:20  Building Armor  
  48  8:29  Barracks  
  48  8:37  Infernal Pre-Igniter  
  48  8:40  Hellion x2  
  52  9:17  SCV  
  52  9:20  Orbital Command  
  53  9:32  SCV  
  54  9:44  SCV, Cyclone  
  54  9:45  Hellion x2  
  47  10:16  Cyclone  
  49  10:36  Terran Vehicle And Ship Armor Level 2, Starport  
  49  10:44  Barracks Tech Lab  
  49  10:46  Marine  
  50  10:53  SCV  
  51  11:04  Marine  
  52  11:19  Fusion Core  
  52  11:23  Starport, Starport Tech Lab  
  52  11:30  Widow Mine x2  
  56  11:44  Missile Turret  
  56  11:49  SCV  
  57  11:56  Terran Vehicle Weapons Level 1  
  57  11:58  Command Center  
  57  11:59  Widow Mine  
  57  12:01  SCV  
  60  12:07  Missile Turret  
  45  12:29  Battlecruiser  
  49  12:51  Starport Tech Lab  
  49  12:59  Starport  
  49  13:11  Terran Vehicle And Ship Armor Level 3  
  49  13:13  Weapon Refit  
  49  13:17  Battlecruiser  
  55  13:25  Supply Depot  
  55  13:29  Supply Depot  
  55  13:33  Battlecruiser  
  61  13:49  Supply Depot  
  61  14:06  Starport Reactor  
  61  14:13  Hellbat  
  61  14:15  Hellion  
  65  14:19  Terran Vehicle Weapons Level 2  
  65  14:21  Battlecruiser  
  71  14:36  Thor  
  71  14:38  Battlecruiser  
  83  14:49  Refinery  
  83  14:54  Liberator x2  
  83  14:57  Drilling Claws  
  83  15:07  Advanced Ballistics, Refinery  
  89  15:25  Battlecruiser  
  95  15:36  Hellion  
  95  15:38  Hellion  
  99  15:53  Marine x2  
  101  15:59  Siege Tank  
  104  16:10  Marine  
  104  16:11  Marine  
  104  16:28  Marine  
  104  16:29  Marine  
  92  16:46  Marine x2  
  92  16:57  Liberator  
  92  17:04  Marine  
  93  17:12  Battlecruiser x2  
  108  17:28  Hellion  
  108  17:29  Hellion x2  
  114  17:49  Hellion  
  116  17:53  Orbital Command  
  116  18:05  Orbital Command  
  116  18:11  Hellbat  
  116  18:12  Siege Tank  
  116  18:14  Hellion  
  116  18:47  Hellion  
  116  20:52  Hellion  
Show
View Real Time Build Order
Export as new Build Order

IA (Medio) 1 Terran 

Build Orders:  

Get SALT Encoding   

  12  0:00  SCV  
  13  0:13  SCV  
  14  0:19  Supply Depot  
  14  0:25  SCV  
  15  0:40  SCV  
  15  0:42  Barracks  
  16  0:49  Refinery  
  16  0:52  SCV  
  17  1:04  SCV  
  18  1:17  Supply Depot  
  18  1:29  Marine  
  19  1:34  Barracks, Orbital Command  
  19  1:41  Refinery  
  19  1:47  Barracks Tech Lab  
  19  2:05  Marine  
  20  2:08  Factory  
  20  2:23  Marine  
  20  2:25  Supply Depot  
  21  2:32  Marine  
  22  2:46  Marine  
  23  2:59  Marine  
  24  3:12  Supply Depot  
  24  3:13  Marine  
  24  3:14  SCV  
  26  3:26  SCV  
  27  3:31  Marauder  
  29  3:37  Engineering Bay  
  29  3:38  SCV  
  32  3:41  Hellion  
  32  3:50  SCV  
  32  3:54  Marine  
  32  3:55  Supply Depot  
  34  4:02  SCV  
  35  4:13  Marauder  
  35  4:14  SCV  
  38  4:22  Hellion  
  40  4:43  Hellion  
  42  6:54  Barracks Tech Lab  
  42  6:57  Factory  
  42  7:00  Starport  
  42  7:01  Command Center, Factory Tech Lab  
  42  7:03  Missile Turret  
  42  7:05  Missile Turret  
  42  7:09  Sensor Tower  
  42  7:13  Supply Depot  
  42  7:15  Armory  
  42  7:19  Siege Tank, Barracks  
  45  7:28  Bunker  
  45  7:36  Marine  
  42  7:39  Starport Tech Lab  
  42  7:40  Factory Tech Lab  
  33  7:48  Marine  
  32  7:59  Raven, Marine  
  35  8:06  Barracks Reactor  
  35  8:11  Marine  
  36  8:13  SCV  
  36  8:16  SCV  
  38  8:20  Refinery  
  38  8:21  Missile Turret  
  38  8:22  Marine  
  38  8:23  Missile Turret  
  38  8:25  SCV, Refinery  
  40  8:28  SCV  
  40  8:33  Marine  
  42  8:37  SCV  
  42  8:40  SCV  
  44  8:42  Raven  
  44  8:43  Bunker  
  44  8:45  Marine  
  45  8:49  SCV  
  45  8:52  SCV  
  45  8:56  Marine  
  45  9:01  SCV  
  47  9:04  SCV  
  47  9:08  Marauder  
  50  9:13  SCV  
  50  9:16  SCV  
  52  9:20  Siege Tank  
  55  9:25  SCV  
  55  9:28  SCV  
  60  9:31  Cyclone  
  60  9:38  SCV  
  61  9:40  SCV  
  61  9:43  Marauder  
  64  9:50  SCV  
  65  9:52  SCV  
  66  10:02  SCV  
  66  10:05  SCV, Marine  
  64  10:16  Marine  
  65  10:27  Marine  
  66  10:39  Marine  
  67  10:50  Marine  
  68  11:32  Combat Shields, Viking  
  70  11:33  Terran Infantry Weapons Level 1, Stimpack  
  70  11:37  Starport  
  70  11:38  Widow Mine  
  70  11:39  Supply Depot  
  72  11:42  Command Center, Ghost Academy  
  72  11:46  Fusion Core  
  72  11:52  Engineering Bay  
  72  11:57  Armory, Marauder  
  74  12:02  Raven  
  74  12:04  Supply Depot, Marauder  
  78  12:13  Viking  
  79  12:18  Terran Infantry Armor Level 1  
  79  12:20  Marine  
  68  12:28  Marauder  
  68  12:29  Supply Depot  
  67  12:34  Marine  
  65  12:42  Marine  
  60  12:44  Raven, Starport Reactor  
  60  12:49  Siege Tank  
  60  12:51  Concussive Shells  
  65  12:56  SCV, Marine  
  67  12:59  SCV  
  67  13:01  SCV  
  67  13:03  Marine  
  70  13:07  Refinery  
  70  13:08  SCV  
  70  13:10  Missile Turret, Marine  
  70  13:11  SCV  
  73  13:13  Missile Turret  
  73  13:14  SCV  
  73  13:17  Marine  
  75  13:20  SCV, Medivac  
  75  13:21  Refinery, Medivac  
  75  13:23  SCV  
  75  13:24  Widow Mine  
  75  13:26  SCV  
  84  13:27  Raven  
  84  13:32  SCV, Bunker, Marauder  
  89  13:35  SCV  
  89  13:39  Marine  
  91  13:46  Siege Tank  
  94  13:54  Siege Tank  
  97  14:01  Ghost  
  99  14:27  Command Center  
  99  15:42  Refinery  
  99  15:47  Missile Turret  
  99  15:53  Missile Turret  
  99  15:56  Refinery  
  99  16:05  Hellion, Terran Infantry Weapons Level 2  
  99  16:06  Terran Infantry Armor Level 2  
  99  16:07  Terran Ship Weapons Level 1, Terran Vehicle Weapons Level 1  
  99  16:08  Supply Depot  
  99  16:10  Siege Tank  
  104  16:14  Marine  
  104  16:15  Bunker  
  104  16:18  Bunker  
  105  16:20  Marine  
  105  16:25  Marine  
  107  16:30  Marine  
  108  16:35  Hellion  
  108  16:38  Raven  
  108  16:42  Supply Depot, Siege Tank  
  108  16:45  Marine  
  102  16:50  Marine  
  98  16:55  Marine  
  98  16:59  Medivac  
  98  17:00  Marine, Medivac  
  91  17:05  Marine  
  86  17:10  Marine  
  86  17:15  Marine  
  82  17:20  Marine  
  82  17:21  Raven  
  84  17:26  Siege Tank  
  87  17:31  Siege Tank  
  90  17:58  Siege Tank  
  93  18:01  Terran Vehicle And Ship Armor Level 1  
  93  18:02  Terran Vehicle Weapons Level 2  
  93  18:03  Siege Tank, Raven  
  98  18:05  Marine  
  98  18:11  Marine  
  85  18:13  Medivac  
  85  18:15  Medivac  
  85  18:16  Marine  
  85  18:17  SCV  
  79  18:21  Marine  
  79  18:22  Terran Infantry Weapons Level 3  
  79  18:24  Terran Infantry Armor Level 3  
  79  18:26  Marine  
  81  18:31  SCV, Marine  
  81  18:34  SCV  
  78  18:35  Missile Turret  
  78  18:37  SCV, Hellion  
  78  18:40  SCV  
  73  18:41  Marine  
  73  18:43  SCV  
  73  18:45  Command Center  
  73  18:46  SCV, Marine  
  69  18:49  SCV  
  69  18:52  Siege Tank  
  69  18:55  SCV x2  
  63  18:57  Marine  
  63  19:01  SCV  
  63  19:02  Marine  
  63  19:07  SCV, Siege Tank  
  64  19:10  SCV  
  64  19:12  Marine  
  64  19:13  SCV  
  64  19:16  Bunker  
  61  19:17  Marine  
  61  19:19  SCV  
  61  19:22  SCV, Marine  
  61  19:26  SCV  
  61  19:27  Marine  
  59  19:31  SCV  
  59  19:32  Marine  
  59  19:34  SCV  
  59  19:37  Siege Tank  
  59  19:38  SCV  
  57  19:42  Marine  
  57  19:43  SCV  
  56  19:46  SCV  
  56  19:47  Missile Turret  
  56  19:48  Siege Tank  
  56  19:50  SCV  
  60  19:55  Viking  
  60  19:56  SCV  
  60  19:58  SCV  
  56  20:00  SCV  
  56  20:02  Marauder  
  56  20:03  SCV  
  53  20:08  SCV  
  53  20:10  SCV, Siege Tank  
  53  20:12  Marine  
  56  20:15  SCV  
  56  20:17  Missile Turret, Marine  
  56  20:20  SCV  
  52  20:22  SCV  
  52  20:23  Siege Tank  
  52  20:28  SCV  
  54  20:29  Marine  
  54  20:32  SCV  
  54  20:34  SCV, Marine  
  54  20:40  SCV, Marine  
  54  20:42  Missile Turret  
  50  20:44  SCV  
  50  20:45  Marine  
  50  20:46  SCV  
  41  20:50  Marine  
  41  20:52  SCV  
  41  20:55  Marine  
  41  20:56  SCV  
  32  20:58  SCV  
  32  21:00  Marine  
  26  21:04  SCV  
  20  21:11  Command Center  
Tags
 
Add a new tag
Caveats
  • Supply blocks, unpowered buildings, or Contaminate may cause inaccurate times.
  • Supply counts are checked every 10 seconds.